 Dungeon Crawl Stone Soup version 0.29.0-4-gdea44cf6ec (webtiles) character file.

Game seed: 6122784370363308032

216 qw the Ruffian (level 5, -3/42 HPs)
             Began as a Ghoul Fire Elementalist on Aug 30, 2022.
             Slain by an orc
             ... wielding a +0 trident
              (7 damage)
             ... on level 3 of the Dungeon.
             The game lasted 00:02:22 (3284 turns).

qw the Ruffian (Ghoul Fire Elementalist)            Turns: 3284, Time: 00:02:23

Health: -3/42      AC:  8    Str: 14    XL:     5   Next: 93%
Magic:  6/6        EV:  6    Int: 10    God:
Gold:   123        SH:  0    Dex:  9    Spells: 6/7 levels left

rFire   . . .      SeeInvis .     - Unarmed
rCold   + . .      Faith    .   (no shield)
rNeg    + + +      Spirit   .   f - +0 chain mail
rPois   inf        Reflect  .   (no helmet)
rElec   .          Harm     .   (no cloak)
rCorr   .          Rampage  .   (no gloves)
Will    .....                   (no boots)
Stlth   ..........              (no amulet)
HPRegen 0.00/turn               (no ring)
MPRegen 0.10/turn               (no ring)

@: inhibited regen
A: claws 1, cold resistance 1, negative energy resistance 3, inhibited
regeneration, torment resistance 2, devour on kill
a: no special abilities


You were on level 3 of the Dungeon.
You visited 1 branch of the dungeon, and saw 3 of its levels.

You collected 123 gold pieces.


Innate Abilities, Weirdness & Mutations

You are immune to poison.
You have sharp fingernails.
Your flesh is cold resistant. (rC+)
You are immune to negative energy. (rN+++)
You do not regenerate when monsters are visible.
You are immune to unholy pain and torment.
You thrive by killing the living.


   Skills:
 - Level 2.3 Fighting
 - Level 1.0 Armour
 - Level 1.7 Dodging
 - Level 2.1 Stealth
 + Level 5.1 Unarmed Combat
 - Level 1.7 Spellcasting
 - Level 0.7 Conjurations
 - Level 2.4 Fire Magic


You had 6 spell levels left.
You knew the following spells:

 Your Spells              Type           Power      Damage    Failure   Level
a - Foxfire               Conj/Fire      16%        2x1d4     99%         1

Your spell library contained the following spells:

 Spells                   Type           Power      Damage    Failure   Level
 Scorch                   Fire           10%        2d5       99%         2
 Conjure Flame            Conj/Fire      4%         6-21      100%        3
 Inner Flame              Hex/Fire       3%         N/A       100%        3
 Flame Wave               Conj/Fire      4%         2d5       100%        4

Inventory:

Armour
 f - a +0 chain mail (worn)
 i - a +1 helmet
Scrolls
 b - a scroll of vulnerability {unknown}
 d - 2 scrolls of identify
 e - a scroll of amnesia {unknown}
Potions
 a - a potion of curing {unknown}
 c - a potion of degeneration {unknown}
 g - a potion of heal wounds {unknown}
 h - a potion of invisibility {unknown}

Dungeon Overview and Level Annotations

Branches:
Dungeon (3/15)

Altars:


Message History

3271 ||| Stepping ~*~*~tactically~*~*~ (outnumbered).
3272 ||| Stepping ~*~*~tactically~*~*~ (outnumbered).
The orc attacks as you move away! The orc hits you with a +0 flail.
3273 ||| Stepping ~*~*~tactically~*~*~ (outnumbered).
You scratch the orc.
The orc is lightly wounded.
You claw the orc!
You kill the orc!
You feel better.
You scratch the orc but do no damage. The orc barely misses you.
The orc hits you but does no damage.
You blink.
You scratch the orc.
The orc is heavily wounded.
The orc hits you with a +0 hand axe. The orc hits you with a +0 trident.
The orc hits you but does no damage. Space warps around you.
You closely miss the orc.
The orc is heavily wounded.
The orc hits you but does no damage. The orc hits you with a +0 trident.
The orc hits you with a +1 trident of distortion.
You blink.
The orc hits you but does no damage.
3279 ||| Stepping ~*~*~tactically~*~*~ (outnumbered).
The orc attacks as you move away! The orc closely misses you.
You scratch the orc.
The orc is moderately wounded.
The orc hits you with a +1 trident of distortion.
Space warps horribly around you!
You barely miss the orc.
The orc is moderately wounded.
The orc completely misses you.
The orc hits you with a +1 trident of distortion.
Space warps around you.
You scratch the orc.
You kill the orc!
The orc hits you but does no damage.
You claw the orc!
You kill the orc!
The orc hits you but does no damage.
Your Armour skill increases to level 1!
The orc hits you with a +0 hand axe. The orc hits you with a +0 trident!
You die...

#.# # #### #!# .. . #...
..# .#.# . .... #.# .#.#
.# #.## #.# ... ... [...
#.#####.##.# ...# #.##
#..........#....#
#.####)o@........
#.o#.......##
#..#..#.#....#######
#).#..#.# ........
#..#....# #..#####
#..#..#.# ##..#
#######.......#..##..#####
#.........................
####.#.......#..###..####


You could see 2 orcs.

Vanquished Creatures
  An ice beast (D:3)
  A hound (D:3)
  3 adders
  2 worms
  4 dart slugs
  5 orcs (D:3)
  3 ball pythons
  5 endoplasms
  2 giant cockroaches
  4 goblins
  6 hobgoblins
  3 jackals (D:1)
  A bat (D:1)
  2 frilled lizards (D:2)
  4 kobolds
  4 rats
50 creatures vanquished.

Notes
Turn   | Place    | Note
-------+----------+-------------------------------------------
     0 | D:1      | qw the Ghoul Fire Elementalist began the quest for the Orb.
     0 | D:1      | Reached XP level 1. HP: 14/14 MP: 2/2
     0 | D:1      | 0 ||| qw: Version: 0.1-a-90-g952f4b7
     0 | D:1      | 0 ||| qw: Game counter: 4327
     0 | D:1      | 0 ||| qw: Always use a shield: true
     0 | D:1      | 0 ||| qw: God list: Okawaru
     0 | D:1      | 0 ||| qw: Allow faded altars: false
     0 | D:1      | 0 ||| qw: Do Orc after D:15 true
     0 | D:1      | 0 ||| qw: Do second Lair branch before Depths: true
     0 | D:1      | 0 ||| qw: Lair rune preference: random
     0 | D:1      | 0 ||| qw: Plans: Normal
     0 | D:1      | 0 ||| PLANNING D:1-11
   325 | D:1      | Reached skill level 1 in Unarmed Combat
   538 | D:1      | 538 ||| Stepping ~*~*~tactically~*~*~ (stealth).
   540 | D:1      | 540 ||| Stepping ~*~*~tactically~*~*~ (stealth).
   545 | D:1      | Reached skill level 1 in Fighting
   545 | D:1      | Reached XP level 2. HP: 22/23 MP: 3/3
   558 | D:1      | 558 ||| Stepping ~*~*~tactically~*~*~ (stealth).
   994 | D:1      | Found a faded altar of an unknown god.
  1366 | D:1      | 1366 ||| UPGRADING to +0 chain mail.
  1376 | D:1      | 1376 ||| DROPPING +0 robe.
  1377 | D:1      | 1377 ||| READING scroll labelled RUNOGA BIARCHE.
  1378 | D:1      | 1378 ||| READING scroll labelled ATUEGU HIUTETUWN.
  1382 | D:1      | 1382 ||| READING scroll labelled CIUFEA QAOK.
  1383 | D:1      | 1383 ||| DROPPING potion of magic.
  1450 | D:2      | Reached skill level 2 in Unarmed Combat
  1500 | D:2      | 1500 ||| Stepping ~*~*~tactically~*~*~ (hiding).
  1668 | D:2      | Reached XP level 3. HP: 27/28 MP: 4/4
  1725 | D:2      | 1725 ||| Stepping ~*~*~tactically~*~*~ (hiding).
  1844 | D:2      | 1844 ||| Stepping ~*~*~tactically~*~*~ (stealth).
  1849 | D:2      | 1849 ||| Stepping ~*~*~tactically~*~*~ (outnumbered).
  1869 | D:2      | Reached skill level 3 in Unarmed Combat
  2501 | D:2      | Reached XP level 4. HP: 35/35 MP: 5/5
  2541 | D:2      | 2541 ||| READING scroll labelled BAICHU KOZIFF.
  2542 | D:2      | 2542 ||| READING 2 scrolls labelled UKUSUSE JIQUC.
  2543 | D:2      | 2543 ||| READING 3 scrolls labelled IHU SOUDONOSIRA.
  2544 | D:2      | 2544 ||| DRINKING 4 red potions.
  2545 | D:2      | 2545 ||| DROPPING 3 potions of lignification.
  2546 | D:2      | 2546 ||| DROPPING scroll of fog.
  2547 | D:2      | 2547 ||| DROPPING 2 scrolls of noise.
  2702 | D:3      | Noticed an ice beast
  2722 | D:3      | Killed an ice beast
  2723 | D:3      | Reached skill level 5 in Unarmed Combat
  2723 | D:3      | Reached XP level 5. HP: 34/40 MP: 6/6
  2997 | D:3      | 2997 ||| Stepping ~*~*~tactically~*~*~ (stealth).
  3004 | D:3      | 3004 ||| Stepping ~*~*~tactically~*~*~ (hiding).
  3258 | D:3      | 3258 ||| Stepping ~*~*~tactically~*~*~ (stealth).
  3270 | D:3      | 3270 ||| Stepping ~*~*~tactically~*~*~ (outnumbered).
  3271 | D:3      | 3271 ||| Stepping ~*~*~tactically~*~*~ (outnumbered).
  3272 | D:3      | 3272 ||| Stepping ~*~*~tactically~*~*~ (outnumbered).
  3273 | D:3      | 3273 ||| Stepping ~*~*~tactically~*~*~ (outnumbered).
  3279 | D:3      | 3279 ||| Stepping ~*~*~tactically~*~*~ (outnumbered).
  3281 | D:3      | HP: 10/42 [orc/+1 trident of distortion (1)]
  3284 | D:3      | Reached skill level 1 in Armour
  3284 | D:3      | HP: 4/42 [orc/+0 hand axe (1)]
  3284 | D:3      | Slain by an orc

Levels and vault maps discovered:
D:1:      dpeg_arrival_rhombus, layout_loops_ring,
          ebering_ecumenical_altar_mist, nicolae_figureground_pulse
D:2:      layout_loops_ring, minmay_tetromino_l2
D:3:      layout_basic, st_stairs_7, grunt_ministairs_14,
          minmay_misc_feat_roman, kennysheep_generic_room_12

Skill      XL: |  1  2  3  4  5 |
---------------+----------------+-----
Unarmed Combat | 1 2 3 5 |  5.1
Fighting       | 1 2 |  2.3
Armour         | 1 |  1.0
Dodging        | |  1.7
Stealth        | |  2.1
Spellcasting   | |  1.7
Conjurations   | |  0.7
Fire Magic     | |  2.4

Action                   |  1- 3 |  4- 6 || total
-------------------------+-------+-------++-------
Melee: Unarmed           |   173 |    82 ||   255
       Punch             |       |     1 ||     1
  Use: Scroll            |     3 |     3 ||     6
       Potion            |       |     1 ||     1
Armor: Robe              |    12 |       ||    12
       Chain mail        |    49 |    36 ||    85
Dodge: Dodged            |    53 |    26 ||    79

Table legend:
 A = Non-vault XP
 B = Vault XP
 C = Vault XP percentage of total XP
 D = Non-vault monster count
 E = Vault monster count
 F = Vault count percentage of total count
                 A         B        C        D         E       F
            +---------+---------+-------+---------+---------+-------
      Total |     246 |      63 |  20.4 |      44 |       6 |  12.0
            +---------+---------+-------+---------+---------+-------
        D:1 |      22 |       0 |   0.0 |      13 |       0 |   0.0
        D:2 |      63 |       2 |   3.1 |      19 |       1 |   5.0
        D:3 |     161 |      61 |  27.5 |      12 |       5 |  29.4
            +---------+---------+-------+---------+---------+-------
